 Dungeon Crawl Stone Soup version 0.29-a0-321-gf1c400731a (webtiles) character file.

Game seed: 15266514115777768492

1448 Murumi the Ducker (level 9, 0/65 HPs)
             Began as a Djinni Monk on Apr 4, 2022.
             Was a Believer of Okawaru.
             Slain by an orc warrior
             ... wielding a +0 short sword
              (11 damage)
             ... on level 6 of the Dungeon.
             The game lasted 00:18:54 (8407 turns).

Murumi the Ducker (Djinni Monk)                     Turns: 8407, Time: 00:18:54

Health: 0/65       AC: 11    Str: 10    XL:     9   Next: 4%
Gold:   102        EV: 18    Int: 13    God:    Okawaru [**....] SH:  0 Dex: 19

rFire   + + .      SeeInvis .   a - +1 falchion
rCold   x . .      Faith    .   (no shield)
rNeg    . . .      Spirit   .   t - +1 leather armour {Will+}
rPois   ∞          Reflect  .   e - +1 helmet
rElec   .          Harm     .   k - +0 cloak
rCorr   .          Rampage  .   n - +1 pair of gloves
Will    +....                   (boots unavailable)
Stlth   ++++......              (no amulet)
HPRegen 0.20/turn               (no ring)
MPRegen 0.00/turn               (no ring)

@: heroic, flying
A: sickness immunity, fire resistance 2, cold vulnerability 1, float, innate
caster, HP casting, extra vitality 1
a: Renounce Religion, Heroism


You were on level 6 of the Dungeon.
You worshipped Okawaru.
Okawaru was pleased with you.
You visited 2 branches of the dungeon, and saw 8 of its levels.

You collected 263 gold pieces.
You spent 161 gold pieces at shops.

Inventory:

Hand Weapons
 a - a +1 falchion (weapon)
 f - a +0 hunting sling
Armour
 e - a +1 helmet (worn)
 k - a +0 cloak (worn)
 n - a +1 pair of gloves (worn)
 t - a +1 leather armour of willpower (worn)
Wands
 d - a wand of flame (44)
 h - a wand of iceblast (7)
 j - a wand of paralysis (13)
 l - a wand of digging (5)
Scrolls
 b - a scroll of teleportation
 g - a scroll of magic mapping
 m - 2 scrolls of fog
Potions
 c - a potion of ambrosia
 i - 3 potions of mutation
 o - 2 potions of attraction
 p - 2 potions of invisibility
 q - 3 potions of heal wounds
 r - a potion of might {unknown}
 s - 5 potions of haste
 u - 3 potions of curing {unknown}
 v - a potion of degeneration {unknown}


   Skills:
 - Level 5.0(10.0) Fighting
 - Level 4.0(9.0) Long Blades
 - Level 5.0(10.0) Armour
 - Level 6.0(11.0) Dodging
 - Level 4.0(9.0) Stealth
 + Level 4.1 Invocations


You couldn't memorise any spells.
You knew the following spells:

 Your Spells              Type           Power      Damage    Failure   Level
a - Animate Skeleton      Necr           0%         N/A       36%         1
b - Blink                 Tloc           0%         N/A       52%         2
c - Swiftness             Air            0%         N/A       75%         3
d - Summon Lightning Spi  Summ/Air       0%         N/A       98%         4
Your spell library was empty.

Dungeon Overview and Level Annotations

Branches:
Dungeon (7/15)             Temple (1/1) D:5

Altars:
Ashenzari
Cheibriados
Dithmenos
Elyvilon
Fedhas
Gozag
Hepliaklqana
Makhleb
Nemelex Xobeh
Okawaru
Qazlal
Ru
Trog
Uskayaw
Vehumet
Zin
The Shining One

Shops:
D:4 [


Innate Abilities, Weirdness & Mutations

You are immune to sickness and miasma.
You are immune to poison.
Your flesh is very heat resistant. (rF++)
You are vulnerable to cold. (rC-)
You float through the air rather than walking.
You learn spells naturally, not from books.
Your magical power is your life essence.
You have superior vitality. (+4 MHP)


Message History

The orc shouts!
The orc priest mumbles some strange prayers to Beogh against you.
Beogh smites you!
There is a stone staircase leading up here.
The orc priest mumbles some strange prayers to Beogh against you.
Beogh smites you!
* * * LOW HITPOINT WARNING * * *
You fly upwards.
There is a stone staircase leading down here.
You fly downwards.
You feel like a meek peon again. The orc warrior misses you.
There is a stone staircase leading up here.
The orc warrior hits you with a +0 short sword!
* * * LOW HITPOINT WARNING * * *
You fly upwards.
There is a stone staircase leading down here.
a - a +1 falchion (weapon)
The orc warrior hits you but does no damage.
You gain the combat prowess of a mighty hero.
The orc warrior closely misses you.
You hit the orc warrior.
The orc warrior is moderately wounded.
You hit the orc warrior but do no damage.
The orc warrior is moderately wounded.
The orc warrior misses you.
You hit the orc warrior but do no damage.
The orc warrior is moderately wounded.
The orc warrior hits you but does no damage.
You hit the orc warrior but do no damage.
The orc warrior is moderately wounded.
The orc warrior barely misses you.
You hit the orc warrior.
You punch the orc warrior, but do no damage.
The orc warrior is heavily wounded.
The orc warrior barely misses you.
You closely miss the orc warrior.
The orc warrior is heavily wounded.
The orc warrior hits you with a +0 short sword!
You die...

#....## #.........# ##
##..## ####.########.
##..##### #<###......
##.....## #.##..###..
#######..# ##.#..#....#
##...##...###....#..####
##........<.....###.###..
#......o.....##.##.......
#.......@.....#.##..####.
#..<..........#.##..# #.
##..........#......## #.
##...#....##.....## ##.
#####.#.........#####..
#.#.###.........###
#.#..).............
#....######.#######
###.......#.#......


You could see an orc warrior.

Vanquished Creatures
  A hornet (D:7)
  An ice beast (D:6)
  2 ogres (D:5)
  A phantom (D:4)
  A necrophage (D:5)
  A scorpion (D:6)
  5 killer bees (D:7)
  A jelly (D:5)
  2 hounds (D:5)
  An orc priest (D:5)
  2 iguanas (D:4)
  Jessica (D:3)
  Ijyb (D:3)
  Terence (D:2)
  Natasha (thrice) (D:3)
  4 orc wizards
  Robin (D:3)
  3 adders
  A white imp (D:7)
  2 dart slugs
  13 orcs
  10 endoplasms
  3 giant cockroaches
  7 hobgoblins
  3 quokkas
  7 ball pythons
  7 bats
  2 frilled lizards
  13 goblins
  5 kobolds
  5 rats
110 creatures vanquished.

Notes
Turn   | Place    | Note
-------+----------+-------------------------------------------
     0 | D:1      | Murumi the Djinni Monk began the quest for the Orb.
     0 | D:1      | Reached XP level 1. HP: 20/20 MP: 0/0
   323 | D:1      | Reached XP level 2. HP: 25/25 MP: 0/0
   649 | D:1      | Found a faded altar of an unknown god.
   874 | D:2      | Noticed Terence
   892 | D:2      | Killed Terence
   893 | D:2      | Reached skill level 4 in Dodging
   893 | D:2      | Reached skill level 1 in Armour
   893 | D:2      | Reached XP level 3. HP: 30/30 MP: 0/0
   893 | D:2      | Learned a level 1 spell: Animate Skeleton
  1181 | D:2      | Reached XP level 4. HP: 35/35 MP: 0/0
  2166 | D:3      | Noticed Jessica
  2181 | D:3      | Killed Jessica
  2181 | D:3      | Noticed Robin
  2182 | D:3      | Reached XP level 5. HP: 25/40 MP: 0/0
  2182 | D:3      | Learned a level 2 spell: Blink
  2718 | D:3      | Noticed Natasha
  2721 | D:3      | Killed Natasha
  2745 | D:3      | Found a shadowy altar of Dithmenos.
  3063 | D:3      | Found a stormy altar of Qazlal.
  3077 | D:3      | Noticed Ijyb
  3085 | D:3      | Killed Ijyb
  3178 | D:3      | Reached XP level 6. HP: 42/46 MP: 0/0
  3267 | D:3      | Killed Robin
  3271 | D:3      | Noticed Natasha
  3283 | D:3      | Killed Natasha
  3674 | D:3      | Found a hide-covered altar of Uskayaw.
  3763 | D:3      | Noticed Natasha
  3776 | D:3      | Killed Natasha
  3886 | D:4      | Found Qenet's Armour Shoppe.
  3892 | D:4      | Bought a +1 pair of gloves for 161 gold pieces
  3897 | D:4      | Found a blossoming altar of Fedhas.
  4246 | D:4      | Reached XP level 7. HP: 52/52 MP: 0/0
  4246 | D:4      | Learned a level 3 spell: Swiftness
  4455 | D:4      | Reached skill level 5 in Dodging
  5318 | D:4      | Found a burning altar of Makhleb.
  5318 | D:4      | Noticed a cacodemon
  5322 | D:4      | Noticed an orange demon
  5322 | D:4      | Noticed a smoke demon
  5443 | D:5      | Entered Level 5 of the Dungeon
  5443 | D:5      | Found a staircase to the Ecumenical Temple.
  5451 | Temple   | Entered the Ecumenical Temple
  5625 | Temple   | Became a worshipper of Warmaster Okawaru
  5625 | Temple   | Reached * piety under Okawaru
  5625 | Temple   | Reached ** piety under Okawaru
  5846 | D:5      | Reached skill level 1 in Invocations
  5951 | D:5      | Found a glowing golden altar of the Shining One.
  6411 | D:5      | You are sucked into a shaft and drop 2 floors!
  6417 | D:7      | Noticed a hornet
  6442 | D:6      | Reached XP level 8. HP: 7/58 MP: 0/0
  7991 | D:6      | Identified the +8 dagger of Light {spect, rN+}
  8047 | D:7      | Reached skill level 5 in Fighting
  8072 | D:7      | Reached skill level 5 in Armour
  8311 | D:7      | Killed a hornet
  8312 | D:7      | Reached skill level 6 in Dodging
  8312 | D:7      | Reached XP level 9. HP: 52/65 MP: 0/0
  8312 | D:7      | Learned a level 4 spell: Summon Lightning Spire
  8407 | D:6      | Slain by an orc warrior

Illustrated notes

Levels and vault maps discovered:
D:1:      matt_arrival_diagonals, layout_basic,
          dilly_ecumenical_altar_fadedgnrine, minmay_cut_off
D:2:      layout_basic, kennysheep_potato, uniq_terence
D:3:      layout_rooms, nicolae_qazlal_general_emergency,
          nicolae_uskayaw_suspiria, grunt_dithmenos_smoke_and_mirrors,
          uniq_natasha, uniq_jessica, uniq_ijyb, uniq_robin
D:4:      layout_layer_cave, nicolae_overflow_hidden_temple,
          makhleb_altar_promises_db, serial_shops,
          nicolae_shop_advertising_works [nicolae_subvault_shop_adworks],
          serial_glass, glass_columns_b, glass_columns_b, nrook_uturn
D:5:      layout_loops_corners, tso_metal_star,
          minmay_temple_entry_statues_pillars, abandoned_shop
D:6:      layout_rooms, roderic_lattice_a
D:7:      layout_cave_pools, uniq_prince_ribbit1, uniq_crazy_yiuf_cottage
Temple:   bh_familiar_temple

Skill      XL: |  1  2  3  4  5  6  7  8 |
---------------+-------------------------+-----
Long Blades    | 3 4 |  4.0
Stealth        | 2 3 4 |  4.0
Dodging        | 4 5 6 |  6.0
Armour         | 1 3 4 5 |  5.0
Fighting       | 4 5 |  5.0
Invocations    | 3 4 |  4.1

Action                   |  1- 3 |  4- 6 |  7- 9 || total
-------------------------+-------+-------+-------++-------
Melee: Falchion          |    71 |   176 |   171 ||   418
       Punch             |     1 |     3 |     4 ||     8
 Fire: Hunting sling     |       |    44 |    64 ||   108
Invok: Heroism           |       |       |     7 ||     7
Evoke: Wand              |       |       |     1 ||     1
  Use: Potion            |     2 |     2 |       ||     4
       Scroll            |     2 |     7 |     9 ||    18
 Stab: Sleeping          |     5 |       |       ||     5
Armor: Robe              |     5 |       |       ||     5
       Scale mail        |     9 |    97 |       ||   106
       Leather armour    |       |    13 |    68 ||    81
       Skin              |       |     7 |       ||     7
Dodge: Dodged            |    43 |   121 |   140 ||   304

Table legend: (Time is in decaauts)
 A = Elapsed time spent in this place.
 B = Non-inter-level travel time spent in this place.
 C = Inter-level travel time spent in this place.
 D = Time resting spent in this place.
 E = Time spent auto-exploring this place.
 F = Levels seen in this place.
 G = Mean time per level.
                   A        B        C        D        E       F      G
               +--------+--------+--------+--------+--------+-----+--------+
         Total |   8493 |   7938 |    555 |     39 |   6704 |   8 | 1061.6 |
       Dungeon |   8293 |   7776 |    517 |     39 |   6545 |   7 | 1184.7 |
        Temple |    200 |    163 |     37 |      0 |    159 |   1 |  200.0 |
               +--------+--------+--------+--------+--------+-----+--------+

Top non-repeatable levels by time:
     D:2: 1745 daAuts
     D:4: 1593 daAuts
     D:5: 1502 daAuts
     D:3: 1309 daAuts
     D:1: 878 daAuts
     D:6: 871 daAuts
     D:7: 392 daAuts
  Temple: 200 daAuts
